 Dungeon Crawl Stone Soup version 0.28.0-53-g5a82cb258f (webtiles) character file.

Game seed: 14840181202441943176

44 Iusername the Shield-Bearer (level 3, -2/33 HPs)
             Began as a Minotaur Fighter on Aug 22, 2022.
             Slain by a gnoll
             ... wielding a +0 halberd
              (10 damage)
             ... on level 2 of the Dungeon.
             The game lasted 00:01:47 (1267 turns).

Iusername the Shield-Bearer (Minotaur Fighter)      Turns: 1267, Time: 00:01:47

Health: -2/33      AC: 11    Str: 22    XL:     3   Next: 41%
Magic:  2/2        EV:  6    Int:  5    God:
Gold:   4          SH:  4    Dex:  9    Spells: 2/2 levels left

rFire   . . .      SeeInvis .   a - +0 long sword
rCold   . . .      Faith    .   c - +0 buckler
rNeg    . . .      Spirit   .   g - +0 plate armour
rPois   .          Reflect  .   (helmet restricted)
rElec   .          Harm     .   (no cloak)
rCorr   .          Rampage  .   (no gloves)
Will    .....                   (no boots)
Stlth   ..........              (no amulet)
HPRegen 0.11/turn               (no ring)
MPRegen 0.08/turn               (no ring)

@: mighty
A: horns 2, retaliatory headbutt
a: no special abilities


You were on level 2 of the Dungeon.
You visited 1 branch of the dungeon, and saw 2 of its levels.

You collected 4 gold pieces.

Inventory:

Hand Weapons
 a - a +0 long sword (weapon)
Armour
 c - a +0 buckler (worn)
 g - a +0 plate armour (worn)
Scrolls
 f - a scroll of teleportation {unknown}
 h - a scroll of holy word {unknown}
Potions
 b - a potion of berserk rage {unknown}
 e - a potion of haste {unknown}
 i - 2 potions of ambrosia {unknown}


   Skills:
 + Level 4.1 Fighting
 + Level 3.1 Long Blades
 + Level 4.1 Armour
 + Level 4.1 Shields


You had 2 spell levels left.
You didn't know any spells.
Your spell library was empty.

Dungeon Overview and Level Annotations

Branches:
Dungeon (2/15)

Altars:

Shops:
D:1 !


Innate Abilities, Weirdness & Mutations

You have a pair of horns on your head.
You reflexively headbutt those who attack you in melee.


Message History

The gnoll closely misses you.
The gnoll hits you from afar with a +0 halberd.
You are too injured to fight recklessly!
Unknown command.
You are too injured to fight recklessly!
Unknown command.
You barely miss the gnoll.
The gnoll is lightly wounded.
The frilled lizard bites you but does no damage.
The gnoll hits you with a +0 flail. The gnoll hits you but does no damage.
The frilled lizard bites you but does no damage.
You hit the gnoll but do no damage.
The gnoll is lightly wounded.
The gnoll barely misses you.
The gnoll hits you from afar with a +0 halberd.
The frilled lizard bites you but does no damage.
You slash the gnoll! You headbutt the gnoll.
You kill the gnoll!
The gnoll barely misses you.
The frilled lizard bites you but does no damage.
A gnoll comes into view. It is wielding a +0 whip.
The gnoll barely misses you.
You feel very mighty all of a sudden.
The gnoll shouts!
The frilled lizard bites you but does no damage.
The gnoll hits you from afar with a +0 halberd.
* * * LOW HITPOINT WARNING * * *
You block the frilled lizard's attack. The gnoll hits you but does no damage.
Things that are here:
a +0 flail; a throwing net You are too injured to fight recklessly!
You barely miss the frilled lizard. You block the frilled lizard's attack.
The gnoll barely misses you.
You barely miss the frilled lizard. You block the frilled lizard's attack.
The gnoll completely misses you.
The frilled lizard bites you but does no damage.
You miss the frilled lizard. You headbutt the frilled lizard.
You kill the frilled lizard!
The gnoll hits you from afar with a +0 halberd!
You die...

#....# #....# #
#....# ####.
#....# #... #.####
#..## #.# #...#
###.### #gg.
#.....## ##)#
#.#.#..###.@#
#...........#
######.#.#.###.#.#
#...##.....##..###
#.#.##..##....##
#.#.........##
#.#.#########
#.#.############
#.#..[.........^


You could see 2 gnolls.

Vanquished Creatures
  2 gnolls (D:2)
  A ball python (D:1)
  3 bats
  3 endoplasms (D:1)
  A giant cockroach (D:1)
  2 goblins
  2 hobgoblins
  4 jackals (D:1)
  2 frilled lizards
  A kobold (D:1)
  2 rats (D:2)
23 creatures vanquished.

Notes
Turn   | Place    | Note
-------+----------+-------------------------------------------
     0 | D:1      | Iusername the Minotaur Fighter began the quest for the Orb.
     0 | D:1      | Reached XP level 1. HP: 19/19 MP: 0/0
   454 | D:1      | Reached XP level 2. HP: 27/27 MP: 1/1
   682 | D:1      | Found Soabub's Distillery.
  1256 | D:2      | Reached XP level 3. HP: 33/33 MP: 2/2
  1267 | D:2      | Slain by a gnoll

Illustrated notes

Levels and vault maps discovered:
D:1:      sevenhm_arrival_forest_fort_small_3, layout_basic, serial_shops,
          shop_fountains
D:2:      layout_rooms, hellmonk_ecumenical_altar_crossroads,
          serial_co_window_serial, co_window_paths_b, co_window_paths_a,
          co_window_of_opportunity_a, co_window_corner_a, co_window_corner_a,
          co_window_of_opportunity_c, co_window_2corner,
          co_window_unsneaky_path_b, co_window_unsneaky_path_d,
          co_window_of_opportunity_b, co_window_cross_4, co_window_paths_d,
          co_window_4corner_b, glass_columns_c, glass_columns_a,
          glass_columns_a, glass_columns_a, glass_columns_b,
          hangedman_abyss_or_decor_stabs, st_stairs_14

Skill      XL: |  1  2 |
---------------+-------+-----
Shields        | 4 |  4.1
Fighting       | 4 |  4.1
Armour         | 4 |  4.1
Long Blades    | 3 |  3.1

Action                   || total
-------------------------++-------
Melee: Long sword        ||    64
       Headbutt          ||     4
  Use: Potion            ||     1
Armor: Scale mail        ||    11
       Plate armour      ||    44
Dodge: Dodged            ||    24
Block: Buckler           ||    21
